 Dungeon Crawl Stone Soup version 0.22-a0-866-geee50340df (webtiles) character file.

38788 Roikka the Thaumaturge (level 13, -1/98 HPs)
             Began as a Demonspawn Fire Elementalist on July 19, 2018.
             Was a High Priest of Vehumet.
             Slain by a salamander
             ... wielding a +0 halberd
              (12 damage)
             ... on level 1 of the Snake Pit on July 28, 2018.
             The game lasted 03:31:56 (26777 turns).

Roikka the Thaumaturge (DsFE)                      Turns: 26777, Time: 03:31:57

Health: -1/98      AC: 10    Str: 11    XL:     13   Next: 65%
Magic:  20/27      EV: 17    Int: 19    God:    Vehumet [*****.]
Gold:   1381       SH:  6    Dex: 14    Spells: 5/33 levels left

rFire    + . .     SeeInvis .   p - +4 arc blade {discharge, rElec}
rCold    + . .     Gourm    .   j - +1 buckler
rNeg     . . .     Faith    .   B - +0 leather armour {rPois}
rPois    +         Spirit   .   z - +1 hat {MR+}
rElec    +         Reflect  .   v - +0 cloak
rCorr    .         Harm     .   m - +1 pair of gloves
MR       +....                  (boots unavailable)
Stlth    ++++......             r - amulet of regeneration
HPRegen  0.66/turn              f - ring of protection from fire
MPRegen  0.20/turn              R - ring of ice

@: about to teleport, studying Maces & Flails
A: talons 3, yellow scales 2, fire resistance 1, nightstalker 2, augmentation 1,
flame cloud immunity
a: Renounce Religion


You were on level 1 of the Snake Pit.
You worshipped Vehumet.
Vehumet was extremely pleased with you.
You were not hungry.

You visited 3 branches of the dungeon, and saw 15 of its levels.
You also visited: Ossuary, Ice Cave and Volcano.

You collected 1381 gold pieces.

Inventory:

Hand Weapons
 a - a +6 trident of venom
 p - the +4 arc blade (weapon) {discharge, rElec}
   (You found it on level 10 of the Dungeon)

   It insulates you from electricity.
 V - a +2 demon whip of flaming
Missiles
 h - 96 stones (quivered)
 s - 49 poisoned needles
Armour
 d - a +0 large shield
 j - a +1 buckler (worn)
 m - a +1 pair of gloves (worn)
 n - a +0 shield
 v - a +0 cloak (worn)
 z - a +1 hat of magic resistance (worn)
 B - a +0 leather armour of poison resistance (worn)
 W - a +3 ring mail of fire resistance
 Z - a +3 leather armour of fire resistance
Magical Staves
 K - an uncursed staff of power
 L - an uncursed staff of earth
Jewellery
 f - a ring of protection from fire (left hand)
 i - an uncursed ring of ice
 r - an amulet of regeneration (around neck)
 N - an uncursed ring of positive energy
 Q - an uncursed amulet of rage
 R - a ring of ice (right hand)
 Y - an uncursed ring of stealth
Wands
 e - a wand of disintegration (1)
 y - a wand of clouds (8)
 D - a wand of digging (18)
 E - a wand of paralysis (14)
 O - a wand of iceblast (19)
Scrolls
 o - a scroll of amnesia
 w - 2 scrolls of teleportation
 C - 3 scrolls of blinking
 H - 3 scrolls of fear
 X - 4 scrolls of remove curse
Potions
 b - 3 potions of might
 g - 8 potions of curing
 k - a potion of cancellation
 l - 4 potions of agility
 q - 4 potions of resistance
 t - 2 potions of lignification
 u - 3 potions of flight
 x - 4 potions of brilliance
 A - a potion of haste {unknown}
 I - 2 potions of ambrosia
 J - 2 potions of magic
 P - a potion of mutation
Books
 G - a manual of Maces & Flails
Miscellaneous
 M - a sack of spiders
Comestibles
 c - 17 rations
 F - a chunk of flesh


   Skills:
 * Level 7.7 Fighting
 - Level 1.4 Short Blades
 - Level 1.1 Maces & Flails
 + Level 1.1 Armour
 * Level 8.8 Dodging
 + Level 2.9 Stealth
 + Level 4.6 Shields
 * Level 10.7 Spellcasting
 + Level 9.6 Conjurations
 - Level 5.1 Translocations
 - Level 2.1 Transmutations
 + Level 8.7 Fire Magic
 + Level 4.3 Air Magic
 - Level 5.0 Poison Magic


You had 5 spell levels left.
You knew the following spells:

 Your Spells              Type           Power        Failure   Level  Hunger
a - Lightning Bolt        Conj/Air       #####.....   4%          5    ####...
b - Throw Flame           Conj/Fire      #####.       1%          2    None
c - Conjure Flame         Conj/Fire      #####...     1%          3    None
d - Sting                 Conj/Pois      ####         1%          1    None
e - Blink                 Tloc           N/A          1%          2    None
f - Mephitic Cloud        Conj/Pois/Air  ####....     1%          3    None
g - Ignite Poison         Fire/Tmut/Pois ####....     1%          3    None
h - Fireball              Conj/Fire      #####.....   1%          5    ####...
i - Olgreb's Toxic Radia  Pois           ####....     3%          4    ##.....

Your spell library contained the following spells:

 Spells                   Type           Power        Failure   Level  Hunger
 Magic Dart               Conj           ####         1%          1    None
 Slow                     Hex            ##......     14%         2    None
 Confuse                  Hex            ##......     26%         3    None
 Sticky Flame             Conj/Fire      #####...     1%          4    ##.....
 Call Imp                 Summ           ##......     14%         2    None
 Tukima's Dance           Hex            ##......     26%         3    None
 Shock                    Conj/Air       ####         1%          1    None
 Swiftness                Chrm/Air       ###.....     5%          2    None
 Airstrike                Air            ####......   4%          4    ##.....
 Flame Tongue             Conj/Fire      #####        1%          1    None
 Ensorcelled Hibernation  Hex/Ice        ###...       14%         2    None
 Static Discharge         Conj/Air       #####...     1%          3    None
 Corona                   Hex            ##.....      9%          1    None
 Inner Flame              Hex/Fire       ####....     1%          3    None
 Dazzling Spray           Conj/Hex       ####..       1%          3    None


Dungeon Overview and Level Annotations

Branches:
Dungeon (11/15)            Temple (0/1) D:5            Lair (3/6) D:10
  Swamp (0/4) Lair:3        Snake (1/4) Lair:3          Orc (0/2) D:9

Altars:
Dithmenos
Fedhas
Nemelex Xobeh
Trog
Vehumet
Xom
Zin
The Shining One
Beogh

Shops:
D:9 (

Annotations:
D:3 Terence
D:11 Erolcha
Snake:1 Aizul


Innate Abilities, Weirdness & Mutations

You have claws for feet.
You are mostly covered in yellow scales. (AC +3)
Your flesh is heat resistant. (rF+)
You are significantly more attuned to the shadows.
Your magical and physical power is slightly enhanced at high health.
You are immune to clouds of flame.


Message History

The salamander is lightly wounded.
The guardian serpent hits you!! The salamander hits you with a halberd!
You are engulfed in flames.
You resist. The salamander barely misses you.
You block the guardian serpent's attack.
The salamander hits you from afar with a halberd.
You are engulfed in flames!
You resist.
The guardian serpent casts a spell.
The salamander blinks!
The salamander hits you with a vampiric trident!
You are engulfed in flames.
You resist.
The salamander draws strength from your wounds!
As you read the scroll of teleportation, it crumbles to dust.
You feel strangely unstable. The guardian serpent hits you.
* * * LOW HITPOINT WARNING * * *
The salamander hits you with a vampiric trident!
* * * LOW HITPOINT WARNING * * *
You are engulfed in flames.
You resist.
* * * LOW HITPOINT WARNING * * *
The salamander hits you with a halberd!
You die...

##.#.##
......###
........
......#
###.##.
......#
..#.#..
...(..#
##.....
......#
#....#### .
......#
##.......#..
....#.#
#§N@%.......
#####.#
##NS....#
....#.#
#......#
....#..
#.##..)#
<...#..
....#.#.#
....#
..##....#...
#....# .
....N#####
..... ......
#.... ......


You could see 2 salamanders and a guardian serpent.

Vanquished Creatures
  Gastronok (D:8)
  A frost giant (IceCv)
  Josephine (D:10)
  Harold (D:10)
  A hydra (Lair:3)
  Erica (D:8)
  3 two-headed ogres
  2 shock serpents (Snake:1)
  Nergalle (D:10)
  An unseen horror (D:10)
  3 lindwurms
  A deep elf mage (D:11)
  A cyclops (D:7)
  A salamander (Snake:1)
  2 toenail golems (Volcano)
  2 naga magi (Snake:1)
  An ice statue (IceCv)
  Maurice (D:11)
  3 molten gargoyles (Volcano)
  9 spiny frogs
  4 komodo dragons
  A rime drake (IceCv)
  3 efreet (Volcano)
  A troll (D:10)
  18 polar bears (IceCv)
  A hornet (D:10)
  8 blink frogs (Lair:3)
  3 hippogriffs
  2 wraiths (D:10)
  A vampire (D:10)
  3 fire elementals (Volcano)
  19 yaks
  2 wyverns
  A steam dragon (Lair:2)
  2 water moccasins
  A naga (Snake:1)
  5 porcupines
  9 ice beasts
  A sky beast (D:6)
  5 orc warriors
  4 phantoms
  19 wolves
  6 centaurs
  5 ogres
  6 crocodiles
  2 big kobolds
  17 bullfrogs
  3 gnoll sergeants
  An earth elemental (Volcano)
  A wyvern zombie (D:11)
  4 killer bees (D:7)
  5 scorpions
  4 howler monkeys
  5 wights (D:10)
  4 jellies
  4 crimson imps
  A bullfrog zombie (D:6)
  A centaur zombie (D:10)
  A quasit (D:10)
  3 gnoll shamans (D:6)
  6 orc priests
  11 hounds
  2 bullfrog skeletons
  2 centaur skeletons
  6 orc wizards
  2 iguanas
  7 worker ants
  A hound zombie (D:9)
  A hound skeleton (D:10)
  12 mummies (Ossuary)
  A howler monkey zombie (D:9)
  A worker ant zombie (D:7)
  9 gnolls
  12 adders
  2 shadow imps
  10 oozes
  An adder zombie (D:7)
  2 adder skeletons
  3 worms
  2 dart slugs (D:2)
  9 leopard geckos
  45 orcs
  2 giant cockroaches
  12 goblins
  9 hobgoblins
  9 jackals
  A quokka (D:6)
  2 ball pythons (D:2)
  9 bats
  8 frilled lizards
  A gnoll skeleton (Ossuary)
  2 goblin skeletons (Ossuary)
  22 kobolds
  A kobold skeleton (Ossuary)
  A leopard gecko skeleton (D:5)
  4 orc skeletons (Ossuary)
  5 rats
  9 rat skeletons (Ossuary)
  A fungus (Lair:2)
  A plant (D:6)
469 creatures vanquished.

Vanquished Creatures (others)
  2 rat skeletons (Ossuary)
  3 fire vortices (Volcano)
  8 fungi
  A plant (Lair:1)
14 creatures vanquished.

Grand Total: 483 creatures vanquished

Notes
Turn   | Place    | Note
-------+----------+-------------------------------------------
     0 | D:1      | Roikka the Demonspawn Fire Elementalist began the quest for the Orb.
     0 | D:1      | Reached XP level 1. HP: 13/13 MP: 3/3
   175 | D:1      | Gained mutation: Your flesh is heat resistant. (rF+) [demonic ancestry]
   175 | D:1      | Reached XP level 2. HP: 19/19 MP: 0/5
   232 | D:1      | Learned a level 2 spell: Throw Flame
  1157 | D:2      | Found a radiant altar of Vehumet.
  1257 | D:2      | Reached XP level 3. HP: 22/24 MP: 0/6
  1260 | D:2      | Became a worshipper of Vehumet
  1331 | D:2      | Reached skill level 1 in Armour
  1961 | D:2      | Learned a level 3 spell: Conjure Flame
  2658 | D:2      | Gained mutation: You are partially covered in yellow scales. (AC +2) [demonic ancestry]
  2658 | D:2      | Reached XP level 4. HP: 19/30 MP: 0/7
  3802 | D:3      | Reached * piety under Vehumet
  3802 | D:3      | Offered knowledge of Sting by Vehumet.
  3805 | D:3      | Learned a level 1 spell: Sting
  4105 | D:3      | Found a sparkling altar of Nemelex Xobeh.
  4140 | D:3      | Gained mutation: You are slightly more attuned to the shadows. [demonic ancestry]
  4140 | D:3      | Reached XP level 5. HP: 35/35 MP: 6/9
  4220 | D:3      | Noticed Terence
  5109 | D:4      | Noticed a crocodile
  5180 | D:4      | Noticed a phantom
  5223 | D:5      | Entered Level 5 of the Dungeon
  5237 | D:5      | Found a sand-covered staircase.
  5315 | Ossuary  | Entered an ossuary
  5726 | Ossuary  | Reached skill level 1 in Poison Magic
  5778 | Ossuary  | Gained mutation: You are mostly covered in yellow scales. (AC +3) [demonic ancestry]
  5778 | Ossuary  | Reached XP level 6. HP: 41/41 MP: 7/10
  5874 | Ossuary  | Reached ** piety under Vehumet
  5876 | Ossuary  | Offered knowledge of Throw Frost by Vehumet.
  6285 | Ossuary  | Reached skill level 1 in Shields
  6285 | Ossuary  | Reached skill level 3 in Spellcasting
  6373 | D:5      | Found a staircase to the Ecumenical Temple.
  6658 | D:5      | Gained mutation: You are immune to clouds of flame. [demonic ancestry]
  6658 | D:5      | Reached XP level 7. HP: 19/46 MP: 4/11
  6880 | D:5      | Found a glowing silver altar of Zin.
  6880 | D:5      | Found a blossoming altar of Fedhas.
  8203 | D:4      | Learned a level 2 spell: Blink
  8207 | D:4      | Learned a level 3 spell: Mephitic Cloud
  8266 | D:4      | Reached skill level 5 in Fire Magic
  8770 | D:5      | Found a shadowy altar of Dithmenos.
  8979 | D:5      | Found a bloodstained altar of Trog.
  9083 | D:5      | Gained mutation: You have sharp toenails. [demonic ancestry]
  9083 | D:5      | Reached XP level 8. HP: 52/52 MP: 8/13
  9096 | D:5      | Reached skill level 5 in Conjurations
  9215 | D:5      | Reached skill level 1 in Translocations
  9815 | D:6      | Reached skill level 4 in Spellcasting
  9899 | D:6      | Got an encrusted morningstar
  9900 | D:6      | Identified the +1 morningstar of Insufficient Pleasure {holy, rN+ Str+2 SInv} (You found it on level 6 of the Dungeon)
  9962 | D:6      | Reached skill level 1 in Air Magic
 10006 | D:6      | Offered knowledge of Stone Arrow by Vehumet.
 10227 | D:6      | Upgraded the game from 0.22-a0-779-g6f83d72c62 to 0.22-a0-785-g6253c82ace
 10648 | D:6      | Found a glowing golden altar of the Shining One.
 11110 | D:6      | Reached XP level 9. HP: 57/57 MP: 11/15
 11169 | D:7      | Reached *** piety under Vehumet
 11597 | D:6      | Offered knowledge of Throw Icicle by Vehumet.
 12187 | D:7      | Noticed a cyclops
 12346 | D:7      | Found a glowing golden altar of the Shining One.
 12358 | D:7      | Reached skill level 5 in Spellcasting
 12399 | D:7      | Found a shimmering altar of Xom.
 12577 | D:7      | Killed a cyclops
 13420 | D:8      | Noticed Gastronok
 13599 | D:8      | Reached skill level 5 in Dodging
 13602 | D:8      | Reached **** piety under Vehumet
 13736 | D:8      | Reached skill level 6 in Spellcasting
 13736 | D:8      | Gained mutation: Your magical and physical power is slightly enhanced at high health. [demonic ancestry]
 13736 | D:8      | Reached XP level 10. HP: 64/64 MP: 15/19
 14019 | D:8      | Killed Gastronok
 14019 | D:8      | Offered knowledge of Ignite Poison by Vehumet.
 14019 | D:8      | Reached skill level 1 in Fighting
 14024 | D:8      | Learned a level 3 spell: Ignite Poison
 14030 | D:8      | Learned a level 5 spell: Fireball
 14431 | D:8      | Noticed Erica
 14711 | D:8      | Killed Erica
 15043 | D:9      | Found a staircase to the Orcish Mines.
 15113 | D:9      | Found Ver Urie's Antique Weapon Shoppe.
 15228 | D:9      | Reached skill level 7 in Spellcasting
 15984 | D:10     | Entered Level 10 of the Dungeon
 15988 | D:10     | Reached skill level 1 in Transmutations
 15990 | D:10     | Noticed Harold
 16236 | D:10     | Found the +4 arc blade {discharge, rElec}
 16341 | D:10     | HP: 1/69 [something (11)]
 16345 | D:10     | Killed Harold
 16345 | D:10     | Gained mutation: You have razor-sharp toenails. [demonic ancestry]
 16345 | D:10     | Reached XP level 11. HP: 21/75 MP: 2/22
 16707 | D:10     | Upgraded the game from 0.22-a0-785-g6253c82ace to 0.22-a0-803-gd6d8abeff0
 16733 | D:10     | Killed an unseen horror
 16912 | D:10     | Noticed a two-headed ogre
 16919 | D:10     | Killed a two-headed ogre
 16969 | D:10     | Noticed a two-headed ogre
 16974 | D:10     | Killed a two-headed ogre
 17294 | D:10     | Found a roughly hewn altar of Beogh.
 17343 | D:10     | Reached ***** piety under Vehumet
 17378 | D:10     | Offered knowledge of Olgreb's Toxic Radiance by Vehumet.
 17413 | D:10     | Learned a level 4 spell: Olgreb's Toxic Radiance
 17517 | D:10     | Noticed Nergalle
 17525 | D:10     | Killed Nergalle
 17525 | D:10     | Reached skill level 8 in Spellcasting
 17912 | D:10     | Found a staircase to the Lair.
 18020 | D:10     | Noticed Josephine
 18707 | D:10     | Killed Josephine
 18707 | D:10     | Reached skill level 5 in Translocations
 18897 | D:11     | Upgraded the game from 0.22-a0-803-gd6d8abeff0 to 0.22-a0-855-g415d086bb8
 18944 | D:11     | Noticed a deep elf mage
 18959 | D:11     | Killed a deep elf mage
 19243 | D:11     | Noticed a two-headed ogre
 19247 | D:11     | Found a flagged portal.
 19269 | D:11     | Killed a two-headed ogre
 19279 | D:11     | Noticed Maurice
 19282 | D:11     | Noticed a white ugly thing
 19294 | D:11     | Killed Maurice
 19836 | D:11     | Noticed Erolcha
 19906 | Lair:1   | Entered Level 1 of the Lair of Beasts
 20509 | Lair:2   | Gained mutation: You have claws for feet. [demonic ancestry]
 20509 | Lair:2   | Reached XP level 12. HP: 84/84 MP: 13/24
 20572 | Lair:2   | Found a frozen archway.
 20605 | Lair:2   | Reached skill level 9 in Spellcasting
 20614 | IceCv    | Entered an ice cave
 20790 | IceCv    | Reached skill level 5 in Fighting
 21485 | IceCv    | Reached skill level 5 in Poison Magic
 21965 | IceCv    | Noticed a frost giant
 22280 | IceCv    | Reached skill level 10 in Spellcasting
 22333 | IceCv    | Killed a frost giant
 22632 | Lair:1   | Upgraded the game from 0.22-a0-855-g415d086bb8 to 0.22-a0-866-geee50340df
 23300 | Lair:2   | Gained mutation: You are significantly more attuned to the shadows. [demonic ancestry]
 23300 | Lair:2   | Reached XP level 13. HP: 95/95 MP: 18/27
 24675 | Lair:3   | Found a staircase to the Swamp.
 24977 | Lair:3   | Found a dark tunnel.
 24982 | Lair:3   | Reached skill level 1 in Short Blades
 24986 | Volcano  | Entered a volcano
 25250 | Volcano  | Learned a level 5 spell: Lightning Bolt
 26053 | Lair:3   | Found a staircase to the Snake Pit.
 26532 | Snake:1  | Entered Level 1 of the Snake Pit
 26545 | Snake:1  | Offered knowledge of Force Lance by Vehumet.
 26545 | Snake:1  | Reached skill level 1 in Maces & Flails
 26656 | Snake:1  | Noticed Aizul
 26777 | Snake:1  | Slain by a salamander

Vault maps used:
D:1:      evilmike_arrival_crescent
D:2:      lemuel_crystal_altar
D:3:      lemuel_doored_altar, kennysheep_generic_room_9, uniq_terence
D:4:      first_ration, serial_forest, infiniplex_forest_lined_room_3,
          infiniplex_forest_straight_2, infiniplex_forest_lined_corner,
          infiniplex_forest_diagonal, infiniplex_forest_straight_2,
          infiniplex_forest_clump_C, infiniplex_forest_clump_small,
          infiniplex_forest_straight_2, kennysheep_potato
D:5:      lightli_temple_of_fire, kennysheep_mini,
          gammafunk_temple_overflow_elements, minmay_temple_entry_mist,
          portal_sewer_entry_e, enter_ossuary_5
D:6:      kennysheep_housing_project, tso_altar
D:7:      cheibrodos_barr_body, grunt_temple_overflow_open
D:8:      uniq_gastronok, uniq_erica
D:9:      orc_0_dummy, serial_shops, shop, hangedman_little_slice_of_home
D:10:     lair_entry_dummy, uniq_harold, uniq_nergalle, uniq_josephine
D:11:     serial_shops, shop, enter_bailey_3, uniq_maurice, uniq_erolcha
Lair:2:   portal_ice_cave_entry_ice_beasts
Lair:3:   swamp_mist, dummy_snake_entry, nicolae_volcano_entry_vermiform
Snake:1:  uniq_aizul
Ossuary:  ossuary_due_small_catacomb
IceCv:    ice_cave_caverns_01
Volcano:  volcano_aerie

Skill      XL: |  1  2  3  4  5  6  7  8  9 10 11 12 13 |
---------------+----------------------------------------+-----
Dodging        | 2 3 4 5 6 8 |  8.8
Fire Magic     | 3 4 5 6 7 8 |  8.7
Armour         | 1 |  1.1
Conjurations   | 2 3 4 6 7 8 9 |  9.6
Poison Magic   | 1 2 3 4 5 |  5.0
Shields        | 1 3 4 |  4.6
Spellcasting   | 3 4 6 7 8 10 | 10.7
Translocations | 2 3 4 5 |  5.1
Air Magic      | 1 3 4 |  4.3
Fighting       | 3 4 6 7 |  7.7
Transmutations | 1 2 |  2.1
Stealth        | 2 |  2.9
Short Blades   | 1 |  1.4
Maces & Flails | 1 |  1.1

Action                   |  1- 3 |  4- 6 |  7- 9 | 10-12 | 13-15 || total
-------------------------+-------+-------+-------+-------+-------++-------
Melee: Club              |    36 |     4 |       |       |       ||    40
       Rapier            |       |     4 |     4 |       |     2 ||    10
       Trident           |       |       |   141 |   224 |    98 ||   463
       Kick              |       |       |    12 |    36 |    28 ||    76
       Staff             |       |       |       |       |     3 ||     3
Throw: Stone             |    10 |    80 |    59 |       |       ||   149
 Cast: Flame Tongue      |    40 |   184 |   269 |   343 |       ||   836
       Throw Flame       |    31 |    11 |     7 |    34 |    78 ||   161
       Sting             |       |    11 |    51 |    46 |     7 ||   115
       Conjure Flame     |       |     2 |    29 |    53 |     7 ||    91
       Blink             |       |       |     3 |    13 |     1 ||    17
       Mephitic Cloud    |       |       |     5 |    23 |     1 ||    29
       Ignite Poison     |       |       |       |    31 |    11 ||    42
       Fireball          |       |       |       |    19 |    17 ||    36
       Olgreb's Toxic Ra |       |       |       |    11 |    13 ||    24
       Lightning Bolt    |       |       |       |       |    17 ||    17
Evoke: Wand              |       |       |       |     1 |     1 ||     2
  Use: Potion            |     1 |     1 |       |     4 |       ||     6
       Scroll            |       |     7 |    14 |    18 |     9 ||    48
 Stab: Confused          |       |       |     2 |     1 |       ||     3
  Eat: Chunk             |     8 |     8 |    21 |    20 |     9 ||    66
       Ration            |       |     2 |     1 |     5 |     3 ||    11
Armor: Leather armour    |     6 |       |       |       |     3 ||     9
       Robe              |     8 |    34 |    59 |    65 |    26 ||   192
       Ring mail         |       |       |       |       |     4 ||     4
Dodge: Dodged            |    34 |    69 |   129 |   171 |    94 ||   497
Block: Buckler           |       |       |    19 |    66 |    40 ||   125

Table legend:
 A = Spawn XP
 B = Non-spawn XP
 C = Spawn XP percentage of total XP
 D = Spawn monster count
 E = Non-spawn monster count
 F = Spawn count percentage of total count
 G = Total turns spent on level
                    A         B        C        D         E        F      G
               +---------+---------+-------+---------+---------+-------+---------
         Total |       0 |   55412 |   0.0 |       0 |     467 |   0.0 | 26777
               +---------+---------+-------+---------+---------+-------+---------
           D:1 |       0 |      32 |   0.0 |       0 |      14 |   0.0 |  1546
           D:2 |       0 |     117 |   0.0 |       0 |      33 |   0.0 |  2297
           D:3 |       0 |      82 |   0.0 |       0 |      27 |   0.0 |  1526
           D:4 |       0 |     702 |   0.0 |       0 |      20 |   0.0 |  1630
           D:5 |       0 |     436 |   0.0 |       0 |      13 |   0.0 |  1401
           D:6 |       0 |    1713 |   0.0 |       0 |      44 |   0.0 |  2459
           D:7 |       0 |    1798 |   0.0 |       0 |      24 |   0.0 |  1685
           D:8 |       0 |    4281 |   0.0 |       0 |      22 |   0.0 |  1507
           D:9 |       0 |     894 |   0.0 |       0 |      24 |   0.0 |   958
          D:10 |       0 |    8495 |   0.0 |       0 |      63 |   0.0 |  3030
          D:11 |       0 |    2656 |   0.0 |       0 |      25 |   0.0 |   830
        Lair:1 |       0 |    2143 |   0.0 |       0 |       7 |   0.0 |  1285
        Lair:2 |       0 |    4678 |   0.0 |       0 |      25 |   0.0 |  1534
        Lair:3 |       0 |    5735 |   0.0 |       0 |      22 |   0.0 |  1009
       Snake:1 |       0 |    3257 |   0.0 |       0 |       6 |   0.0 |   240
       Ossuary |       0 |     228 |   0.0 |       0 |      29 |   0.0 |  1037
         IceCv |       0 |   13062 |   0.0 |       0 |      55 |   0.0 |  1975
       Volcano |       0 |    5103 |   0.0 |       0 |      14 |   0.0 |   828
               +---------+---------+-------+---------+---------+-------+---------
